PCL
LAS VEGAS STARS @ HOUSTON HAMMERTIME
07/12/2023
 
TOP OF THE 1ST
Las Vegas Stars batting - Pitching for Houston Hammertime : LHP Esteban Baca
Pitching: LHP Esteban Baca
Batting: LHB Evan Slootweg 0-0: Ball
1-0: Ground out U3 (Groundball, 3S)
Batting: RHB Ron Shelton 0-0: Ball
1-0: Foul Ball, location: 2F
1-1: Swinging Strike
1-2: Ball
2-2: SINGLE (Line Drive, 78S)
Batting: LHB Paco Rivera 0-0: Fly out, F5 (Line Drive, 5)
Batting: RHB Brian George 0-0: Ball
1-0: Ball
2-0: Ball
3-0: Base on Balls
Ron Shelton to second
Batting: RHB Tom Jacobson 0-0: Fly out, F7 (Flyball, 7M)
Top of the 1st over - 0 run(s), 1 hit(s), 0 error(s), 2 left on base; Las Vegas 0 - Houston 0
BOTTOM OF THE 1ST
Houston Hammertime batting - Pitching for Las Vegas Stars : RHP Jim Hendon
Pitching: RHP Jim Hendon
Batting: RHB John Pick 0-0: Swinging Strike
0-1: Called Strike
0-2: Ball
1-2: Strikes out swinging
Batting: RHB Emílio Carrillo 0-0: Ball
1-0: Ball
2-0: Ball
3-0: Base on Balls
Batting: RHB Buck Jones 0-0: Grounds into double play, 6-4-3 (Groundball, 6)
Bottom of the 1st over - 0 run(s), 0 hit(s), 0 error(s), 0 left on base; Las Vegas 0 - Houston 0
TOP OF THE 2ND
Las Vegas Stars batting - Pitching for Houston Hammertime : LHP Esteban Baca
Batting: SHB Santiago Farías 0-0: SINGLE (Groundball, 6MD)
Batting: RHB Albert Rodríguez 0-0: Ball
1-0: Grounds into double play, 6-4-3 (Groundball, 6M)
Batting: LHB Parker Marshall 0-0: Ball
1-0: Ball
2-0: Ball
3-0: Base on Balls
Batting: RHB Vicente Salgado 0-0: Ball
1-0: Ball
2-0: 2-RUN HOME RUN (Flyball, 7D), Distance : 351 ft
Batting: LHB Evan Slootweg 0-0: Ball
1-0: Called Strike
1-1: Called Strike
1-2: Strikes out swinging
Top of the 2nd over - 2 run(s), 2 hit(s), 0 error(s), 0 left on base; Las Vegas 2 - Houston 0
BOTTOM OF THE 2ND
Houston Hammertime batting - Pitching for Las Vegas Stars : RHP Jim Hendon
Batting: SHB Cristo Ontiveros 0-0: Foul Ball, location: 2F
0-1: Ball
1-1: Called Strike
1-2: SINGLE (Flyball, 6MD) - OUT at second base trying to stretch hit.
Batting: LHB Lorenzo Quintanilla 0-0: Ball
1-0: Foul Ball, location: 2F
1-1: Foul Ball, location: 2F
1-2: Ball
2-2: Ball
3-2: Fly out, F2 (Popup, 2LF)
Batting: LHB Fernando Camacho 0-0: Ball
1-0: Called Strike
1-1: Swinging Strike
1-2: Foul Ball, location: 2F
1-2: Strikes out swinging
Bottom of the 2nd over - 0 run(s), 1 hit(s), 0 error(s), 0 left on base; Las Vegas 2 - Houston 0
TOP OF THE 3RD
Las Vegas Stars batting - Pitching for Houston Hammertime : LHP Esteban Baca
Batting: RHB Ron Shelton 0-0: DOUBLE (Line Drive, 5L)
Batting: LHB Paco Rivera 0-0: Ball
1-0: SINGLE (Line Drive, 78S)
Ron Shelton to third
Runner from 3rd tries for Home, SAFE, throw made home
Paco Rivera to second
Batting: RHB Brian George 0-0: Foul Ball, location: 2F
0-1: Ball
1-1: Called Strike
1-2: Ground out 5-3 (Groundball, 5)
Batting: RHB Tom Jacobson 0-0: Called Strike
0-1: Ball
1-1: Ball
2-1: Ball
3-1: Fly out, F7 (Line Drive, 7M)
Batting: SHB Santiago Farías 0-0: Called Strike
0-1: Fly out, F9 (Flyball, 9LM)
Top of the 3rd over - 1 run(s), 2 hit(s), 0 error(s), 1 left on base; Las Vegas 3 - Houston 0
BOTTOM OF THE 3RD
Houston Hammertime batting - Pitching for Las Vegas Stars : RHP Jim Hendon
Batting: LHB Jerry Ritchie 0-0: Ball
1-0: Called Strike
1-1: Ball
2-1: Ball
3-1: Fly out, F7 (Popup, 78S)
Batting: LHB Felipe Cruz 0-0: Ball
1-0: Ball
2-0: Swinging Strike
2-1: Called Strike
2-2: Ball
3-2: Strikes out swinging
Batting: RHB Gerald Burnett 0-0: Ball
1-0: Foul Ball, location: 2F
1-1: Fly out, F7 (Flyball, 7LS)
Bottom of the 3rd over - 0 run(s), 0 hit(s), 0 error(s), 0 left on base; Las Vegas 3 - Houston 0
TOP OF THE 4TH
Las Vegas Stars batting - Pitching for Houston Hammertime : LHP Esteban Baca
Batting: RHB Albert Rodríguez 0-0: Foul Ball, location: 2F
0-1: Fly out, F9 (Line Drive, 89M)
Batting: LHB Parker Marshall 0-0: Called Strike
0-1: Ball
1-1: Foul Ball, location: 2F
1-2: Ball
2-2: Fly out, F4 (Line Drive, 4)
Batting: RHB Vicente Salgado 0-0: Called Strike
0-1: Ground out 6-3 (Groundball, 6MS)
Top of the 4th over - 0 run(s), 0 hit(s), 0 error(s), 0 left on base; Las Vegas 3 - Houston 0
BOTTOM OF THE 4TH
Houston Hammertime batting - Pitching for Las Vegas Stars : RHP Jim Hendon
Batting: RHB John Pick 0-0: Ball
1-0: SOLO HOME RUN (Flyball, 78XD), Distance : 375 ft
Batting: RHB Emílio Carrillo 0-0: Called Strike
0-1: Foul Ball, location: 2F
0-2: Ball
1-2: Ball
2-2: Ball
3-2: Strikes out swinging
Batting: RHB Buck Jones 0-0: Ball
1-0: Ground out 6-3 (Groundball, 6)
Batting: SHB Cristo Ontiveros 0-0: Called Strike
0-1: Ball
1-1: Ball
2-1: Foul Ball, location: 2F
2-2: Foul Ball, location: 2F
2-2: Ball
3-2: SINGLE (Groundball, 6MD)
Batting: LHB Lorenzo Quintanilla 0-0: Foul Ball, location: 2F
0-1: Ball
1-1: Ball
2-1: Ball
3-1: Called Strike
3-2: Base on Balls
Cristo Ontiveros to second
Batting: LHB Fernando Camacho 0-0: Called Strike
0-1: Fly out, F7 (Flyball, 7M)
Bottom of the 4th over - 1 run(s), 2 hit(s), 0 error(s), 2 left on base; Las Vegas 3 - Houston 1
TOP OF THE 5TH
Las Vegas Stars batting - Pitching for Houston Hammertime : LHP Esteban Baca
Batting: LHB Evan Slootweg 0-0: Foul Ball, location: 2F
0-1: Ball
1-1: Swinging Strike
1-2: Ball
2-2: DOUBLE (Flyball, 78XD)
Batting: RHB Ron Shelton 0-0: Called Strike
0-1: Ball
1-1: Foul Ball, location: 2F
1-2: Fly out, F8 (Flyball, 8RS)
Batting: LHB Paco Rivera 0-0: Foul Ball, location: 2F
0-1: Ball
1-1: Foul Ball, location: 2F
1-2: Ground out U3 (Groundball, 3L)
Evan Slootweg to third
Batting: RHB Brian George 0-0: Ball
1-0: Ball
2-0: Ball
3-0: Base on Balls
Batting: RHB Tom Jacobson 0-0: Called Strike
0-1: 3-RUN HOME RUN (Flyball, 89XD), Distance : 412 ft
Batting: SHB Santiago Farías 0-0: Ball
1-0: Swinging Strike
1-1: Foul Ball, location: 2F
1-2: Ball
2-2: Ball
3-2: Base on Balls
Batting: RHB Albert Rodríguez 0-0: Called Strike
Santiago Farías steals 2nd base
0-1: Foul Ball, location: 2F
0-2: Strikes out looking
Top of the 5th over - 3 run(s), 2 hit(s), 0 error(s), 1 left on base; Las Vegas 6 - Houston 1
BOTTOM OF THE 5TH
Houston Hammertime batting - Pitching for Las Vegas Stars : RHP Jim Hendon
Batting: LHB Jerry Ritchie 0-0: Ball
1-0: DOUBLE (Flyball, 7LS)
Batting: LHB Felipe Cruz 0-0: Reached on error, E3 (Groundball, 3S)
Jerry Ritchie to third
Batting: RHB Gerald Burnett 0-0: Ball
1-0: Called Strike
1-1: Fly out, F7 (Flyball, 8LD)
Runner from 3rd tags up, SCORES, no throw
Batting: RHB John Pick 0-0: Called Strike
0-1: Swinging Strike
0-2: Strikes out swinging
Batting: RHB Emílio Carrillo 0-0: Ball
1-0: Ground out 4-3 (Groundball, 4)
Bottom of the 5th over - 1 run(s), 1 hit(s), 1 error(s), 1 left on base; Las Vegas 6 - Houston 2
TOP OF THE 6TH
Las Vegas Stars batting - Pitching for Houston Hammertime : LHP Esteban Baca
Batting: LHB Parker Marshall 0-0: Foul Ball, location: 2F
0-1: Ball
1-1: SINGLE (Line Drive, 6D)
Batting: RHB Vicente Salgado 0-0: Called Strike
0-1: Foul Ball, location: 2F
0-2: Ball
1-2: Fly out, F7 (Line Drive, 7M)
Batting: LHB Evan Slootweg 0-0: Called Strike
0-1: Called Strike
0-2: SINGLE (Groundball, 34D)
Parker Marshall to second
Batting: RHB Ron Shelton 0-0: Ball
1-0: Called Strike
1-1: Foul Ball, location: 2F
1-2: Ball
2-2: Fly out, F9 (Flyball, 89S)
Batting: LHB Paco Rivera 0-0: Called Strike
0-1: Swinging Strike
0-2: Foul Ball, location: 2F
0-2: SINGLE (Groundball, 4MD)
Parker Marshall to third
Evan Slootweg to second
Runner from 3rd tries for Home, SAFE, throw made at trailing runner, OUT at third!
Top of the 6th over - 1 run(s), 3 hit(s), 0 error(s), 1 left on base; Las Vegas 7 - Houston 2
BOTTOM OF THE 6TH
Houston Hammertime batting - Pitching for Las Vegas Stars : RHP Jim Hendon
Batting: RHB Buck Jones 0-0: Ball
1-0: SINGLE (Line Drive, 34)
Batting: SHB Cristo Ontiveros 0-0: Ball
1-0: Ball
2-0: Ball
3-0: Called Strike
3-1: 2-RUN HOME RUN (Flyball, 9D), Distance : 342 ft
Batting: LHB Lorenzo Quintanilla 0-0: Called Strike
0-1: Ball
1-1: Ball
2-1: Ball
3-1: Called Strike
3-2: Foul Ball, location: 2F
3-2: Foul Ball, location: 2F
3-2: Base on Balls
Pitching: RHP Jorge Ibarra
Batting: LHB Fernando Camacho 0-0: Ball
1-0: Ball
Lorenzo Quintanilla steals 2nd base
2-0: Ball
3-0: Called Strike
3-1: Called Strike
3-2: Foul Ball, location: 2F
3-2: SINGLE (Groundball, 34D)
Lorenzo Quintanilla to third
Runner from 3rd tries for Home, throw and OUT!
Batting: LHB Jerry Ritchie 0-0: Ball
1-0: Ball
2-0: Ball
3-0: Called Strike
3-1: Base on Balls
Fernando Camacho to second
Batting: LHB Felipe Cruz 0-0: Ball
1-0: Ball
2-0: Ball
3-0: Grounds into double play, 1-6-3 (Groundball, 13)
Bottom of the 6th over - 2 run(s), 3 hit(s), 0 error(s), 1 left on base; Las Vegas 7 - Houston 4
TOP OF THE 7TH
Las Vegas Stars batting - Pitching for Houston Hammertime : LHP Esteban Baca
Pitching: RHP Lorenzo Ramos
Batting: RHB Brian George 0-0: Ball
1-0: Ball
2-0: Ball
3-0: Base on Balls
Batting: RHB Tom Jacobson 0-0: Ball
1-0: Swinging Strike
1-1: Ball
2-1: Ball
3-1: Called Strike
3-2: Strikes out swinging
Batting: SHB Santiago Farías 0-0: Called Strike
0-1: Ball
1-1: Ball
2-1: Fly out, F4 (Line Drive, 4)
Batting: RHB Albert Rodríguez 0-0: Ball
1-0: Swinging Strike
1-1: Foul Ball, location: 2F
1-2: Strikes out swinging
Top of the 7th over - 0 run(s), 0 hit(s), 0 error(s), 1 left on base; Las Vegas 7 - Houston 4
BOTTOM OF THE 7TH
Houston Hammertime batting - Pitching for Las Vegas Stars : RHP Jorge Ibarra
Batting: RHB Gerald Burnett 0-0: Fly out, F9 (Flyball, 89M)
Batting: RHB John Pick 0-0: SINGLE (Line Drive, 89S)
Batting: RHB Emílio Carrillo 0-0: Called Strike
0-1: Ball
John Pick is caught stealing 2nd base
1-1: SINGLE (Flyball, 8RS)
Batting: RHB Buck Jones 0-0: Swinging Strike
0-1: Foul Ball, location: 2F
0-2: Ball
1-2: Ball
2-2: Fly out, F8 (Flyball, 8LD)
Bottom of the 7th over - 0 run(s), 2 hit(s), 0 error(s), 1 left on base; Las Vegas 7 - Houston 4
TOP OF THE 8TH
Las Vegas Stars batting - Pitching for Houston Hammertime : RHP Lorenzo Ramos
Batting: LHB Parker Marshall 0-0: Foul Ball, location: 2F
0-1: Called Strike
0-2: Ball
1-2: Ball
2-2: SOLO HOME RUN (Flyball, 89XD), Distance : 394 ft
Batting: RHB Vicente Salgado 0-0: Foul Ball, location: 2F
0-1: Ball
1-1: Ball
2-1: Ball
3-1: Foul Ball, location: 2F
3-2: Strikes out swinging
Batting: LHB Evan Slootweg 0-0: Ball
1-0: Ball
2-0: Ball
3-0: Base on Balls
Batting: RHB Ron Shelton 0-0: Called Strike
0-1: Called Strike
0-2: Grounds into double play, 6-4-3 (Groundball, 6)
Top of the 8th over - 1 run(s), 1 hit(s), 0 error(s), 0 left on base; Las Vegas 8 - Houston 4
BOTTOM OF THE 8TH
Houston Hammertime batting - Pitching for Las Vegas Stars : RHP Jorge Ibarra
Pitching: RHP Oliver Donahue
Batting: SHB Cristo Ontiveros 0-0: Foul Ball, location: 2F
0-1: Ball
1-1: Ball
2-1: SINGLE (Groundball, 4MD)
Batting: LHB Lorenzo Quintanilla 0-0: Ball
1-0: Ball
2-0: Foul Ball, location: 2F
2-1: Foul Ball, location: 2F
2-2: Foul Ball, location: 2F
2-2: Ball
3-2: Base on Balls
Cristo Ontiveros to second
Batting: LHB Fernando Camacho 0-0: Grounds into double play, 4-6-3 (Groundball, 4)
Cristo Ontiveros to third
Batting: LHB Jerry Ritchie 0-0: Called Strike
0-1: Foul Ball, location: 2F
0-2: Ball
1-2: Strikes out looking
Bottom of the 8th over - 0 run(s), 1 hit(s), 0 error(s), 1 left on base; Las Vegas 8 - Houston 4
TOP OF THE 9TH
Las Vegas Stars batting - Pitching for Houston Hammertime : RHP Lorenzo Ramos
Batting: LHB Paco Rivera 0-0: Called Strike
0-1: Fly out, F6 (Line Drive, 6)
Batting: RHB Brian George 0-0: Ball
1-0: Fly out, F5 (Popup, 5F)
Batting: RHB Tom Jacobson 0-0: Ball
1-0: Called Strike
1-1: Fly out, F8 (Flyball, 8RM)
Top of the 9th over - 0 run(s), 0 hit(s), 0 error(s), 0 left on base; Las Vegas 8 - Houston 4
BOTTOM OF THE 9TH
Houston Hammertime batting - Pitching for Las Vegas Stars : RHP Oliver Donahue
Batting: LHB Felipe Cruz 0-0: Ball
1-0: Called Strike
1-1: SINGLE (Line Drive, 78S)
Batting: RHB Gerald Burnett 0-0: Ball
1-0: 2-RUN HOME RUN (Flyball, 7D), Distance : 367 ft
Pitching: RHP John Corrigan
Batting: RHB John Pick 0-0: Called Strike
0-1: Ball
1-1: Ball
2-1: Ground out 5-3 (Groundball, 56)
Batting: RHB Emílio Carrillo 0-0: Ball
1-0: Swinging Strike
1-1: SINGLE (Line Drive, 89S)
Batting: RHB Buck Jones 0-0: Called Strike
0-1: Ground out 6-3 (Groundball, 6M)
Emílio Carrillo to second
Batting: SHB Cristo Ontiveros 0-0: Called Strike
0-1: Ball
1-1: Ball
2-1: Ground out 4-3 (Groundball, 4)
Bottom of the 9th over - 2 run(s), 3 hit(s), 0 error(s), 1 left on base; Las Vegas 8 - Houston 6
This league is powered by Out of the Park Baseball, the baseball management simulation game for PC, Mac and Linux
Wednesday, December 2nd, 2015 - OOTP Baseball 16.8 Build 38